 Dungeon Crawl Stone Soup version 0.18-a0-1323-g706dcef (webtiles) character file.

206495 M4edhros the Evocator (level 19, -13/103 HPs)
             Began as a Formicid Artificer on Feb 16, 2016.
             Was the Champion of Fedhas.
             Killed from afar by a greater naga (35 damage)
             ... with an orb of energy
             ... on level 4 of the Snake Pit.
             The game lasted 02:30:02 (34555 turns).

M4edhros the Evocator (Formicid Artificer)         Turns: 34555, Time: 02:30:02

Health: -13/103    AC: 13    Str: 25    XL:     19   Next: 43%
Magic:  0/38       EV: 23    Int: 18    God:    Fedhas [******]
Gold:   265        SH: 19    Dex:  9    Spells: 0 memorised, 18 levels left

rFire  + + .     SeeInvis +     E - +7 great mace "Firestarter" {inner flame, rF++}
rCold  . . .     Gourm    .     f - +4 moon troll leather armour {Spirit, Regen++ MP+5}
rNeg   + . .     Faith    .     L - +5 shield of Aniro {rN+ Regen+}
rPois  +         Spirit   +     (helmet unavailable)
rElec  .         Dismiss  .     r - +1 cloak
rCorr  .         Reflect  .     H - +2 pair of gloves
SustAt .         Harm     .     (no boots)
MR     +++..                    l - amulet of magic regeneration
Stlth  +++++.....               c - +5 ring of evasion
                                D - ring of poison resistance

@: mighty, lethally poisoned (-13 -> -13), starving, extremely resistant to
hostile enchantments, quite stealthy
A: permanent stasis, dig shafts and tunnels, four strong arms, antennae 3,
camouflage 1, blurry vision 1, clumsy 1, frail 1, magic resistance 2, mutation
resistance 1, strong 1, MP-powered wands
a: Dig, Shaft Self, Evolution, Sunlight, Growth, Reproduction, Rain, Renounce
Religion
}: 1/15 runes: decaying


You were on level 4 of the Snake Pit.
You worshipped Fedhas.
Fedhas was exalted by your worship.
You were starving.

You visited 5 branches of the dungeon, and saw 32 of its levels.

You collected 2933 gold pieces.
You spent 2668 gold pieces at shops.

Inventory:

Hand Weapons
 a - a +1 demon trident of draining
 E - the +7 great mace "Firestarter" (weapon) {inner flame, rF++}
   (You bought it in a shop on level 14 of the Dungeon)

   It has been specially enchanted to burn those struck by it, causing extra
   injury to most foes and up to half again as much damage against particularly
   susceptible opponents.
   It greatly protects you from fire.
 K - a +6 double sword of holy wrath
Missiles
 y - 6 javelins (quivered)
Armour
 f - the +4 moon troll leather armour (worn) {Spirit, Regen++ MP+5}
   (You bought it in a shop on level 13 of the Dungeon)

   It affects your magic capacity (+5).
   It increases your rate of regeneration.
 r - a +1 cloak (worn)
 H - a +2 pair of gloves (worn)
 L - the +5 shield of Aniro (worn) {rN+ Regen+}
   (You took it off Donald on level 1 of the Swamp)

   It protects you from negative energy.
   It increases your rate of regeneration.
Magical Staves
 J - an uncursed staff of wizardry
Rods
 b - a +7 rod of inaccuracy (13/14)
   (You acquired it on level 3 of the Lair of Beasts)
 o - a +4 iron rod (11/13)
   (You acquired it on level 9 of the Dungeon)
 B - a +0 iron rod (6/12)
   (You took it off a big kobold on level 14 of the Dungeon)
 G - a +0 rod of ignition (9/9)
   (You found it on level 3 of the Snake Pit)
Jewellery
 c - a +5 ring of evasion (right hand)
 g - an uncursed ring of protection from cold
 k - an uncursed ring of protection from fire
 l - an amulet of magic regeneration (around neck)
 u - a +5 ring of dexterity
 D - a ring of poison resistance (left hand)
 I - an uncursed amulet of dismissal
 M - the ring "Rifean" {rCorr rF+ Int+3 Dex+2}
   (You found it on level 7 of the Dungeon)

   [ring of resist corrosion]

   It affects your intelligence (+3).
   It affects your dexterity (+2).
   It protects you from fire.
Wands
 d - a wand of enslavement (15/24)
 h - a wand of iceblast (8/15)
 n - a wand of slowing (26/48)
 p - a wand of confusion (18/48)
 P - a wand of iceblast (4/15)
 U - a wand of acid (2/15)
 Z - a wand of enslavement (8/24)
Scrolls
 j - 2 scrolls of fear
 s - 5 scrolls of fog
 v - 2 scrolls of summoning
 Y - 6 scrolls of identify
Potions
 q - a potion of brilliance
 w - 3 potions of heal wounds
 z - a potion of magic
 O - 2 potions of agility
 Q - 5 potions of flight
 R - 2 potions of might
 S - 6 potions of curing
 V - 3 potions of mutation
 X - 3 potions of ambrosia
Books
 F - a Fen Folio

   Spells                             Type                      Level
   a - Corpse Rot                     Necromancy                   2
   b - Stone Arrow                    Conjuration/Earth            3
   c - Leda's Liquefaction            Hexes/Earth                  4
   d - Summon Forest                  Summoning/Translocation      5
   e - Hydra Form                     Transmutation                6
   f - Summon Hydra                   Summoning                    7
Miscellaneous
 e - a disc of storms
 i - an ornate deck of defence {the Shadow, drawn: 2}
 A - a stone of tremors (inert)
 N - a box of beasts {used: 2}
Comestibles
 m - 4 meat rations
 t - 7 bread rations
 x - 27 fruits
 C - 14 royal jellies


   Skills:
 - Level 1.1 Fighting
   Level 1.0 Short Blades
 * Level 4.0 Maces & Flails
 - Level 2.5 Armour
 + Level 17.3 Dodging
 - Level 12.0 Stealth
 - Level 15.0 Shields
 - Level 7.3 Invocations
 - Level 21.0 Evocations


You had 18 spell levels left.
You didn't know any spells.

Dungeon Overview and Level Annotations

Branches:
Dungeon (14/15)            Temple (0/1) D:5            Lair (8/8) D:8
  Swamp (4/4) Lair:3        Snake (4/4) Lair:5        Slime (0/6) Lair:7
    Orc (2/2) D:9             Elf (0/3) Orc:2        Vaults (0/5) D:14

Altars:
Cheibriados
Dithmenos
Fedhas
Gozag
Kikubaaqudgha
Nemelex Xobeh
Trog
Vehumet
Xom
Zin
The Shining One
Beogh

Shops:
D:8 %   D:10 [   D:12 :   D:13 [   D:14 ((!   Orc:1 ?}[[=   Orc:2 [?%?
Snake:1 ?   Snake:3 [   Snake:4 =

Annotations:
Lair:2 exclusion: hyperactive ballistomycete


Innate Abilities, Weirdness & Mutations

You are under a permanent stasis effect.
You can dig through walls and to a lower floor.
Your four strong arms can wield two-handed weapons with a shield.
You have a pair of large antennae on your head (SInv).
Your skin changes colour to match your surroundings (Stealth).
Scrolls take you a little longer to read.
You are clumsy. (Dex -2)
You are frail (-10% HP).
You are highly resistant to hostile enchantments.
You are somewhat resistant to further mutation.
Your muscles are strong. (Str +2)
You expend magic power (3 MP) to strengthen your wands.


Message History

The greater naga is severely wounded.
The falling rubble hits the guardian serpent.
You kill the guardian serpent!
Your Maces & Flails skill increases to level 4!
The falling rubble hits the naga warrior.
The naga warrior is moderately wounded.
You feel a bit more experienced.
The door collapses! x3
The rubble rises up and takes form.
You hear a shout! x4
The greater naga casts a spell at you. The poison arrow misses you.
Unknown command.
Unknown command.
Unknown command.
Eat which item? (? for menu, Esc to quit)
Okay, then.
The greater naga gestures at you while chanting.
The orb of energy hits you!
You die...
Fedhas appreciates your contribution to the ecosystem.

.....f###..............#.##{[((.#
###.#####.........###.....##{((..
..#...#............#.....!..###..
..'..........##...##..#..##).###.
###...####....#...#..##..........
....................##...........
...........#.(...#......#...##...
.##...#.........#......#...###...
.....##....#....@##..###...##...)
#..)###......##.###.{#*....##....
#..###......##§###...*.....##....
##.##.......#N###..........##....
##[##......NSS##..##......###....
##(##.....%.#....#*..#...###.....
##.##.(%..##{†...##.####.........
##....(%%.###)''##*,,,,,,,##..#..
.##....####*,.)..#**,,,***,,##..#


You could see a naga warrior, a greater naga, an anaconda and a black mamba.

Vanquished Creatures
  Saint Roka (Snake:2)
  Asterion (Snake:2)
  Kirke (Snake:2)
  Gastronok (Lair:3)
  3 greater nagas
  Donald (Swamp:1)
  Aizul (Snake:1)
  A very ugly thing (Swamp:4)
  Snorg (Orc:1)
  A vault guard (D:14)
  2 death oozes (Swamp:4)
  2 green deaths (Swamp:4)
  31 hydras
  A catoblepas (Lair:5)
  A hell beast (Swamp:4)
  11 naga warriors
  A ghost crab (Swamp:2)
  A queen ant (D:11)
  16 anacondas
  2 centaur warriors
  7 death yaks
  3 alligators
  A tengu warrior (D:14)
  6 shock serpents
  8 spriggans
  16 naga sharpshooters
  Nergalle (Lair:2)
  2 fire crabs (Lair:8)
  3 naga ritualists
  3 swamp dragons
  A lindwurm (Lair:8)
  2 sea snakes (Snake:4)
  3 spriggan druids
  3 hill giants
  2 necromancers (D:14)
  2 orc knights (Orc:2)
  A deep elf mage (D:14)
  A griffon (D:14)
  4 mana vipers
  11 salamanders
  8 ugly things
  3 wandering mushrooms
  A manticore (D:12)
  3 cyclopes
  7 guardian serpents (Snake:4)
  24 naga magi
  19 elephants
  33 black mambas
  A torpor snail (Lair:8)
  An orange demon (Swamp:4)
  5 centaur skeletons
  27 spiny frogs
  11 komodo dragons
  7 fire drakes
  A tengu conjurer (D:14)
  8 giant leeches
  A queen bee (Lair:2)
  7 trolls
  18 slime creatures
  A two-headed ogre (D:10)
  5 polar bears
  7 blink frogs
  2 boulder beetles (Lair:8)
  4 wyverns
  6 shadows
  11 humans (D:14)
  40 yaks
  5 basilisks
  6 hippogriffs
  4 hogs (Snake:2)
  Grum (D:10)
  3 large abominations (Swamp:4)
  A steam dragon (Lair:7)
  10 vampire mosquitoes
  A hungry ghost (D:13)
  18 wolves
  2 soldier ants (D:11)
  16 swamp worms
  46 nagas
  25 water moccasins
  A warg (Orc:2)
  9 porcupines
  19 orc warriors
  2 black bears (Lair:1)
  5 swamp drakes
  A sky beast (D:10)
  2 eyes of draining
  2 ice beasts
  8 wasps
  5 ogres
  A phantom (D:4)
  8 centaurs
  13 crocodiles
  A big kobold (D:14)
  12 giant frogs
  A gnoll sergeant (D:10)
  24 killer bees
  7 electric eels
  2 wights (D:11)
  4 crimson imps
  5 hounds
  A quasit (D:10)
  10 jellies
  6 giant frog skeletons
  8 orc priests
  10 orc wizards
  10 iguanas
  12 worker ants
  33 sheep
  A hound skeleton (D:6)
  5 gnolls (D:10)
  17 adders
  43 river rats
  6 shadow imps
  An ufetubus (D:7)
  An ooze (D:3)
  An adder skeleton (D:10)
  A worm (D:4)
  2 giant geckos
  60 orcs
  5 giant cockroaches
  17 goblins
  6 hobgoblins
  21 jackals
  4 quokkas
  A ball python (D:1)
  10 bats
  A giant gecko skeleton (D:5)
  3 giant newts
  2 jackal skeletons
  19 kobolds
  A quokka skeleton (D:5)
  9 rats
  A ballistomycete (Lair:2)
  4 giant spores (Lair:2)
1023 creatures vanquished.

Vanquished Creatures (collateral kills)
  Maud (Lair:3)
  Nessos (Lair:5)
  A vault guard (D:14)
  2 naga warriors
  A shock serpent (Snake:4)
  An unseen horror (D:12)
  A hill giant (D:14)
  4 ugly things
  5 orc knights (Orc:2)
  2 salamanders
  3 black mambas
  A gargoyle (D:14)
  A two-headed ogre (D:14)
  9 humans (D:14)
  A yak (Lair:5)
  A wolf (D:10)
  3 soldier ants (D:11)
  4 nagas
  2 water moccasins
  20 orc warriors
  2 ogres (D:6)
  A phantom (D:10)
  A crocodile (Lair:7)
  A big kobold (D:14)
  3 giant frogs
  A wyvern skeleton (D:14)
  5 killer bees
  A scorpion (D:3)
  6 wights
  4 crimson imps
  3 orc wizards
  3 centaur skeletons
  4 jellies
  10 orc priests
  5 hounds
  2 iguanas
  19 worker ants
  A hound skeleton (D:9)
  3 adders
  2 river rats
  An ooze (Lair:7)
  A giant gecko (D:11)
  36 orcs
  A giant cockroach (D:6)
  A hobgoblin (D:4)
  3 jackals
  2 kobolds (D:14)
  6 giant spores
  A hyperactive ballistomycete (Lair:2)
193 creatures vanquished.

Vanquished Creatures (others)
  A hydra (Swamp:3)
  An alligator (Swamp:4)
  A spriggan druid (Swamp:4)
  A shambling mangrove (Swamp:4)
  A blink frog (Swamp:4)
  16 bog bodies
  4 vampire mosquitoes (Swamp:4)
  A warg (Orc:2)
  2 swamp worms (Swamp:3)
  A swamp drake (Swamp:3)
  3 necrophages
  A river rat (Lair:1)
  A giant cockroach zombie (D:6)
  28 wandering mushrooms
  13 fungi
  5 giant spores
  8 plants
  1155 toadstools
1243 creatures vanquished.

Grand Total: 2459 creatures vanquished

Notes
Turn   | Place    | Note
--------------------------------------------------------------
     0 | D:1      | M4edhros the Formicid Artificer began the quest for the Orb.
     0 | D:1      | Reached XP level 1. HP: 15/15 MP: 3/3
   228 | D:1      | Reached XP level 2. HP: 2/21 MP: 4/4
   581 | D:2      | Found a blossoming altar of Fedhas.
   581 | D:2      | Found a glowing golden altar of the Shining One.
   599 | D:2      | Became a worshipper of Fedhas Madash
   749 | D:1      | Reached XP level 3. HP: 19/26 MP: 5/5
  1132 | D:1      | Reached skill level 4 in Stealth
  1699 | D:2      | Reached XP level 4. HP: 27/32 MP: 6/6
  1847 | D:2      | Reached skill level 5 in Stealth
  2240 | D:2      | Reached * piety under Fedhas
  2294 | D:2      | Found an ancient bone altar of Kikubaaqudgha.
  2710 | D:3      | Reached skill level 6 in Stealth
  2710 | D:3      | Reached XP level 5. HP: 10/37 MP: 7/7
  3139 | D:3      | Reached skill level 1 in Invocations
  3361 | D:3      | Reached XP level 6. HP: 24/43 MP: 8/8
  3362 | D:3      | Reached ** piety under Fedhas
  3800 | D:4      | Noticed a phantom
  3828 | D:4      | Killed a phantom
  3828 | D:4      | Reached skill level 7 in Stealth
  4030 | D:4      | Found a snail-covered altar of Cheibriados.
  4065 | D:4      | Found a glowing silver altar of Zin.
  4853 | D:5      | Entered Level 5 of the Dungeon
  4868 | D:5      | Found a shimmering altar of Xom.
  4940 | D:5      | Noticed an ogre
  4956 | D:5      | Killed an ogre
  4956 | D:5      | Reached XP level 7. HP: 6/48 MP: 9/9
  5288 | D:5      | Found a shadowy altar of Dithmenos.
  5463 | D:5      | Found a staircase to the Ecumenical Temple.
  5564 | D:5      | Reached skill level 8 in Stealth
  6735 | D:6      | HP: 2/48 [orc priest/divine providence (11)]
  6739 | D:6      | Reached skill level 5 in Invocations
  6989 | D:6      | Reached XP level 8. HP: 47/54 MP: 10/12
  7004 | D:6      | Reached *** piety under Fedhas
  7157 | D:6      | Found an opulent altar of Gozag.
  7257 | D:6      | Reached skill level 9 in Stealth
  8308 | D:7      | Found a bloodstained altar of Trog.
  8310 | D:7      | Found an opulent altar of Gozag.
  8311 | D:7      | Found a radiant altar of Vehumet.
  8314 | D:7      | Found a sparkling altar of Nemelex Xobeh.
  8535 | D:7      | Reached skill level 10 in Stealth
  8650 | D:7      | Got an ancient ivory ring
  8652 | D:7      | Identified the ring "Rifean" {rCorr rF+ Int+3 Dex+2} (You found it on level 7 of the Dungeon)
  8812 | D:8      | Reached skill level 1 in Armour
  8963 | D:8      | Identified a scroll of acquirement
  9091 | D:8      | Reached XP level 9. HP: 56/59 MP: 12/14
  9469 | D:8      | Reached skill level 5 in Evocations
  9479 | D:8      | Reached **** piety under Fedhas
  9484 | D:8      | Found Irregite's Food Shoppe.
  9533 | D:8      | Bought a bread ration for 55 gold pieces
  9533 | D:8      | Bought a bread ration for 55 gold pieces
  9533 | D:8      | Bought a bread ration for 55 gold pieces
  9650 | D:8      | Found a staircase to the Lair.
 10005 | D:9      | Found a staircase to the Orcish Mines.
 10013 | D:9      | Found a roughly hewn altar of Beogh.
 10286 | D:9      | Noticed a two-headed ogre
 10594 | D:10     | Entered Level 10 of the Dungeon
 10679 | D:10     | Noticed a troll
 10683 | D:10     | Killed a troll
 10860 | D:10     | Noticed a two-headed ogre
 10864 | D:10     | Killed a two-headed ogre
 11058 | D:10     | Found Vaogelao's Armour Shoppe.
 11142 | D:10     | Noticed a troll
 11144 | D:10     | Killed a troll
 11144 | D:10     | Reached XP level 10. HP: 62/65 MP: 15/17
 11247 | D:10     | Reached skill level 10 in Evocations
 11583 | D:10     | Reached skill level 11 in Evocations
 11650 | D:10     | Noticed Grum
 11653 | D:10     | Killed Grum
 11851 | D:11     | Reached skill level 12 in Evocations
 12500 | D:11     | Noticed a queen ant
 12517 | D:11     | Killed a queen ant
 12517 | D:11     | Reached skill level 13 in Evocations
 12517 | D:11     | Reached XP level 11. HP: 70/70 MP: 17/20
 12874 | D:12     | Reached skill level 14 in Evocations
 12899 | D:12     | Noticed an unseen horror
 12925 | D:12     | Killed an unseen horror
 13044 | D:12     | Noticed a manticore
 13053 | D:12     | Killed a manticore
 13381 | D:12     | Reached ***** piety under Fedhas
 13412 | D:12     | Found Qyonki Tung's Book Shop.
 13442 | D:12     | Noticed a hill giant
 13445 | D:12     | Killed a hill giant
 13445 | D:12     | Reached skill level 15 in Evocations
 13698 | D:13     | Noticed a centaur warrior
 13702 | D:13     | Killed a centaur warrior
 13748 | D:13     | Got a crude shortbow
 13749 | D:13     | Identified the +4 shortbow of Unreason {velocity, Str+3} (You found it on level 13 of the Dungeon)
 13788 | D:13     | Noticed a hill giant
 13795 | D:13     | Killed a hill giant
 13961 | D:13     | Reached XP level 12. HP: 46/76 MP: 23/23
 13965 | D:13     | Found Horeawn's Antique Armour Shop.
 13986 | D:13     | Noticed an eight-headed hydra
 13994 | D:13     | Killed an eight-headed hydra
 13994 | D:13     | Reached skill level 16 in Evocations
 14498 | D:14     | Found Vetz's Weapon Shoppe.
 14502 | D:14     | Noticed a five-headed hydra
 14503 | D:14     | Killed a five-headed hydra
 14516 | D:14     | Reached skill level 17 in Evocations
 14754 | D:14     | Noticed a tengu warrior
 14758 | D:14     | Killed a tengu warrior
 14859 | D:14     | Noticed a seven-headed hydra
 14863 | D:14     | Killed a seven-headed hydra
 14947 | D:14     | Got a jewelled broad axe {flame}
 14948 | D:14     | Identified the cursed +1 broad axe of Incongruity {flame, rF++ rN++ Int+4} (You took it off a human on level 14 of the Dungeon)
 15011 | D:14     | Got a heavy robe
 15414 | D:14     | Noticed an eight-headed hydra
 15418 | D:14     | Killed an eight-headed hydra
 15423 | D:14     | Reached skill level 18 in Evocations
 15437 | D:14     | Identified the +1 robe of Hangman {Regen+} (You took it off a human on level 14 of the Dungeon)
 15479 | D:14     | Reached XP level 13. HP: 29/81 MP: 26/26
 15484 | D:14     | Noticed a vault guard
 15492 | D:14     | Noticed a vault guard
 15507 | D:14     | Killed a vault guard
 15979 | D:14     | Gained mutation: You are resistant to hostile enchantments. [mutagenic meat]
 15980 | D:14     | Gained mutation: Scrolls take you a little longer to read. [mutagenic meat]
 16010 | D:14     | Gained mutation: You expend magic power (3 MP) to strengthen your wands. [mutagenic meat]
 16011 | D:14     | Gained mutation: Your mind is acute. (Int +2) [mutagenic meat]
 16012 | D:14     | Gained mutation: Your skin changes colour to match your surroundings (Stealth). [mutagenic meat]
 16013 | D:14     | Gained mutation: Your mind is very acute. (Int +4) [mutagenic meat]
 16014 | D:14     | Gained mutation: You are somewhat resistant to further mutation. [mutagenic meat]
 16015 | D:14     | Gained mutation: You are highly resistant to hostile enchantments. [mutagenic meat]
 16094 | D:14     | Found a gate to the Vaults.
 16155 | D:14     | Found Jidixebi's Distillery.
 16223 | D:14     | Reached skill level 19 in Evocations
 16239 | D:14     | Lost mutation: Your mind is very acute. (Int +4) [mutagenic meat]
 16324 | D:14     | Found Enyethy's Weapon Shoppe.
 16555 | D:14     | Noticed a centaur warrior
 16559 | D:14     | Killed a centaur warrior
 16870 | Orc:1    | Entered Level 1 of the Orcish Mines
 16870 | Orc:1    | Found Novuh's Armour Shop.
 16870 | Orc:1    | Found Imoxkif's Gadget Boutique.
 16870 | Orc:1    | Noticed Snorg
 16874 | Orc:1    | Killed Snorg
 16948 | Orc:1    | Found Saigungasm's Armour Shop.
 16991 | Orc:1    | Found Daecek's Jewellery Shop.
 17193 | Orc:1    | Found Roaxev's Magic Scroll Emporium.
 17345 | Orc:2    | Entered Level 2 of the Orcish Mines
 17373 | Orc:2    | Found a roughly hewn altar of Beogh.
 17906 | Orc:2    | Found a staircase to the Elven Halls.
 18009 | Orc:2    | Reached skill level 5 in Shields
 18194 | Orc:2    | Found Xying's Magic Scroll Shoppe.
 18194 | Orc:2    | Found Ypaixkog's Antique Armour Shop.
 18284 | Orc:2    | Found a roughly hewn altar of Beogh.
 18299 | Orc:2    | Found Pametwel's Food Shop.
 18454 | Orc:2    | Found Vysup's Magic Scroll Shoppe.
 18731 | D:13     | Bought the +4 moon troll leather armour {Spirit, Regen++ MP+5} for 1364 gold pieces
 18890 | Lair:1   | Entered Level 1 of the Lair of Beasts
 18938 | Lair:1   | Noticed a five-headed hydra
 18944 | Lair:1   | Killed a five-headed hydra
 18944 | Lair:1   | Reached XP level 14. HP: 88/88 MP: 27/27
 19555 | Lair:1   | Reached skill level 10 in Shields
 19794 | Lair:2   | Noticed Nergalle
 19825 | Lair:2   | Killed Nergalle
 20407 | Lair:3   | Found a staircase to the Swamp.
 20503 | Lair:3   | Noticed Maud
 20523 | Lair:3   | Killed Maud
 20711 | Lair:3   | Identified a +3 rod of inaccuracy (11/11) (You acquired it on level 3 of the Lair of Beasts)
 20772 | Lair:3   | Noticed Gastronok
 20780 | Lair:3   | Killed Gastronok
 21351 | Lair:4   | Reached ****** piety under Fedhas
 21426 | Lair:4   | Reached skill level 20 in Evocations
 22027 | Lair:4   | Reached XP level 15. HP: 93/93 MP: 29/29
 22149 | Lair:5   | Found a staircase to the Snake Pit.
 22303 | Lair:5   | Noticed Nessos
 22352 | Lair:5   | Got a transparent ring mail
 22355 | Lair:5   | Identified the cursed +0 ring mail of the Hunter {rElec} (You found it on level 5 of the Lair of Beasts)
 22392 | Lair:5   | Killed Nessos
 24476 | Lair:7   | Found a staircase to the Slime Pits.
 24672 | Lair:8   | Entered Level 8 of the Lair of Beasts
 24806 | Lair:8   | Reached skill level 21 in Evocations
 24916 | Lair:8   | Reached XP level 16. HP: 93/99 MP: 30/30
 25936 | Lair:8   | Reached skill level 15 in Shields
 26168 | Lair:8   | Reached skill level 5 in Dodging
 26374 | Swamp:1  | Entered Level 1 of the Swamp
 26771 | Swamp:1  | Noticed Donald
 26774 | Swamp:1  | Killed Donald
 26782 | Swamp:1  | Got a warped shield
 26797 | Swamp:1  | Identified the +5 shield of Aniro {rN+ Regen+} (You took it off Donald on level 1 of the Swamp)
 28064 | Swamp:3  | Noticed a thorn hunter
 28587 | Swamp:4  | Entered Level 4 of the Swamp
 28603 | Swamp:4  | Noticed a thorn hunter
 28768 | Swamp:4  | Reached skill level 10 in Dodging
 28883 | Swamp:4  | Reached XP level 17. HP: 104/104 MP: 31/31
 29263 | Swamp:4  | Lost mutation: Your mind is acute. (Int +2) [mutagenic meat]
 29265 | Swamp:4  | Gained mutation: You are frail (-10% HP). [mutagenic meat]
 29266 | Swamp:4  | Gained mutation: You are clumsy. (Dex -2) [mutagenic meat]
 29268 | Swamp:4  | Gained mutation: Your muscles are strong. (Str +2) [mutagenic meat]
 29364 | Swamp:4  | Got a decaying rune of Zot
 30021 | Snake:1  | Entered Level 1 of the Snake Pit
 30337 | Snake:1  | Found Ydghae's Magic Scroll Shoppe.
 30344 | Snake:1  | Noticed Aizul
 30409 | Snake:1  | Killed Aizul
 31586 | Snake:1  | Reached XP level 18. HP: 94/99 MP: 32/32
 31662 | Snake:2  | Noticed Saint Roka
 31680 | Snake:2  | Killed Saint Roka
 32003 | Snake:2  | Reached skill level 15 in Dodging
 32127 | Snake:2  | Noticed Asterion
 32132 | Snake:2  | Killed Asterion
 32224 | Snake:2  | Noticed Kirke
 32240 | Snake:2  | Killed Kirke
 32716 | Snake:3  | Found Zeutzaeb's Armour Emporium.
 32730 | Snake:3  | Identified a +0 rod of ignition (9/9) (You found it on level 3 of the Snake Pit)
 32954 | Snake:4  | Entered Level 4 of the Snake Pit
 33145 | Snake:4  | Reached XP level 19. HP: 95/103 MP: 29/33
 33223 | Snake:4  | Found Neegosib's Jewellery Emporium.
 33949 | D:14     | Bought the +7 great mace "Firestarter" {inner flame, rF++} for 1139 gold pieces
 34475 | Snake:4  | Reached skill level 1 in Maces & Flails
 34555 | Snake:4  | Killed from afar by a greater naga

Vault maps used:
D:1:      lemuel_arrival_lava_pool
D:2:      marbit_many_paths, gammafunk_temple_overflow_elements, first_bread
D:3:      kennysheep_the_goblin_king
D:4:      nicolae_overflow_crystal_walls, cheibriados_altar_wand_db
D:5:      kennysheep_mini_moat, minmay_temple_entry_purple_smoke,
          minmay_misc_feat_rows, grunt_dithmenos_smoke_and_mirrors
D:6:      grunt_gozag_statues
D:7:      minitemple
D:8:      lair_0_dummy, serial_shops, shop_statue
D:9:      minmay_orc_entry_temple_small
D:10:     serial_shops, shop, uniq_grum
D:11:     zaba_antful_of_joy
D:12:     serial_shops, shop
D:13:     serial_shops, nicolae_shop_overgrown_old_shop
D:14:     grunt_vaults_entry_tiered, serial_shops, shop, shop,
          nicolae_shop_behind_doors, kennysheep_nondescript, grunt_tengu_nest
Lair:1:   beast_lair_carwin_large_2, st_stairs_11
Lair:2:   infiniplex_staircase_pool_2, serial_bayou_shore_a, uniq_nergalle
Lair:3:   swamp_mist_pool, beast_lair_carwin_11, uniq_gastronok, uniq_maud
Lair:4:   st_stairs_11, grunt_megastairs_4
Lair:5:   guppyfry_snake_entry_island, uniq_nessos
Lair:7:   minmay_slime_entry_jelly_boxes, serial_bayou_lagoon_b
Lair:8:   hangedman_lair_in_review
Swamp:1:  serial_swamp_ruin, hangedman_swamp_ruin_wall,
          evilmike_swamp_ruin_house_5, evilmike_swamp_ruin_rubble_2, uniq_donald
Swamp:2:  evilmike_swamp_ruin_house_1, swamp_pool1,
          nicolae_swamp_feature_on_the_river_bank
Swamp:3:  hangedman_swamp_blocks, swamp_pool2
Swamp:4:  swamp_vile, swamp_pool2
Snake:1:  minmay_snake_river, serial_shops,
          nicolae_shop_temple_entry_statues_fountains,
          nicolae_snake_round_shape_thing, grunt_megastairs_1, uniq_aizul
Snake:2:  special_room, uniq_kirke, uniq_saint_roka, uniq_asterion
Snake:3:  serial_shops, shop, st_stairs_5
Snake:4:  grunt_snake_rune_pools, special_room, serial_shops, shop,
          nrook_guardian_serpent_ordinary
Orc:1:    serial_shops, shop, nicolae_shop_behind_doors, shop, shop, shop,
          uniq_snorg
Orc:2:    st_orc_town, serial_shops, shop, minmay_orc_temple_a

Action                   |  1- 3 |  4- 6 |  7- 9 | 10-12 | 13-15 | 16-18 | 19-21 || total
-------------------------+-------+-------+-------+-------+-------+-------+-------++-------
Melee: Short sword       |   117 |   148 |   183 |       |       |       |       ||   448
       Spear             |    54 |   116 |   484 |   143 |       |       |       ||   797
       Halberd           |       |       |    19 |   280 |   352 |       |       ||   651
       Broad axe         |       |       |       |   120 |       |       |       ||   120
       Great sword       |       |       |       |       |   244 |   144 |       ||   388
       Double sword      |       |       |       |       |       |   421 |       ||   421
       Demon trident     |       |       |       |       |       |   194 |   122 ||   316
       Great mace        |       |       |       |       |       |       |    72 ||    72
 Fire: Shortbow          |       |       |       |    41 |    68 |       |       ||   109
       Longbow           |       |       |       |       |    44 |     1 |       ||    45
Invok: Evolution         |       |     2 |     7 |     6 |    12 |     9 |       ||    36
       Sunlight          |       |       |     1 |     2 |    34 |    78 |     8 ||   123
       Rain              |       |       |       |       |     3 |       |       ||     3
       Reproduction      |       |       |       |       |     6 |     1 |     1 ||     8
       Growth            |       |       |       |       |     1 |       |       ||     1
 Abil: Dig               |       |       |     5 |       |     8 |     4 |     1 ||    18
Evoke: Wand              |     4 |     8 |    11 |     1 |     7 |     8 |       ||    39
       Rod               |       |       |     3 |    25 |   177 |   299 |    37 ||   541
       Box of beasts     |       |       |       |     1 |     1 |       |       ||     2
       Deck              |       |       |       |     2 |       |       |       ||     2
       Disc of storms    |       |       |       |       |     1 |       |       ||     1
       Stone of tremors  |       |       |       |       |       |     1 |     1 ||     2
  Use: Potion            |       |     1 |     9 |     4 |     2 |     1 |     3 ||    20
       Scroll            |       |       |    16 |     4 |    20 |     7 |       ||    47
 Stab: Sleeping          |     3 |    11 |       |       |     8 |     7 |     1 ||    30
       Distracted        |       |     1 |     1 |       |     4 |     1 |       ||     7
       Confused          |       |       |     2 |     7 |     6 |     5 |       ||    20
  Eat: Bread ration      |     1 |       |     2 |     1 |     2 |     2 |       ||     8
       Meat ration       |       |     2 |       |     1 |     6 |     5 |       ||    14
       Chunk             |       |       |    10 |    14 |    42 |    40 |    12 ||   118
       Pizza             |       |       |     1 |     1 |       |     1 |       ||     3
       Royal jelly       |       |       |       |     1 |       |       |       ||     1
       Beef jerky        |       |       |       |     1 |     1 |       |     1 ||     3
